 Dungeon Crawl Stone Soup version 0.26.1-10-gdfb7c7de75 (webtiles) character file.

Game seed: 18243806840416332492

297 Almogavar the Fighter (level 6, -1/61 HPs)
             Began as a Gnoll Wanderer on Apr 2, 2021.
             Slain by an adder (2 damage)
             ... on level 4 of the Dungeon on Apr 3, 2021.
             The game lasted 00:10:16 (4218 turns).

Almogavar the Fighter (Gnoll Wanderer)              Turns: 4218, Time: 00:10:17

Health: -1/61      AC:  6    Str: 16    XL:     6   Next: 35%
Magic:  0/8        EV: 12    Int: 17    God:
Gold:   145        SH:  0    Dex: 15    Spells: 8/8 levels left

rFire    . . .     SeeInvis +   a - +2 falchion
rCold    . . .     Faith    .   (no shield)
rNeg     . . .     Spirit   +   j - -1 ring mail
rPois    .         Reflect  .   n - +0 helmet {Int+3}
rElec    .         Harm     .   (no cloak)
rCorr    .         Rampage  .   q - +0 pair of gloves
Will     .....                  (no boots)
Stlth    ++........             f - amulet of guardian spirit
HPRegen  0.00/turn              r - ring of see invisible
MPRegen  0.11/turn              (no ring)

@: lethally poisoned (-1 -> -16)
A: distributed training, fangs 1, talons 1, mutation resistance 1, inhibited
regeneration, strong nose
a: no special abilities


You were on level 4 of the Dungeon.
You visited 1 branch of the dungeon, and saw 4 of its levels.

You collected 145 gold pieces.

Inventory:

Hand Weapons
 a - a +2 falchion (weapon)
 b - a +0 quarterstaff
 e - a +0 dagger
 A - a cursed -1 hand crossbow
Armour
 j - a -1 ring mail (worn)
 n - a +0 helmet of intelligence (worn)
 q - a +0 pair of gloves (worn)
 B - a cursed +0 plate armour
Jewellery
 f - an amulet of guardian spirit (around neck)
 o - an uncursed amulet of reflection
 r - a ring of see invisible (left hand)
Wands
 v - a wand of polymorph (10)
Scrolls
 d - a scroll of fear
 k - a scroll of blinking
 p - 2 scrolls of remove curse
 s - a scroll of enchant armour
 t - 3 scrolls of teleportation
 u - a scroll of magic mapping {unknown}
 x - a scroll of fog {unknown}
 y - a scroll of immolation {unknown}
Potions
 g - 2 potions of flight
 h - 2 potions of degeneration {unknown}
 l - a potion of brilliance {unknown}
 m - 2 potions of mutation
 w - a potion of resistance {unknown}
 z - a potion of attraction {unknown}
 C - a potion of berserk rage {unknown}


   Skills:
 + Level 10.5 Fighting
 + Level 1.9 Short Blades
 + Level 3.2 Long Blades
 + Level 1.9 Axes
 + Level 1.9 Maces & Flails
 + Level 1.9 Polearms
 + Level 1.9 Staves
 + Level 1.9 Slings
 + Level 1.9 Bows
 + Level 3.2 Crossbows
 + Level 1.9 Throwing
 + Level 1.9 Armour
 + Level 3.2 Dodging
 + Level 4.6 Stealth
 + Level 1.9 Shields
 + Level 1.9 Unarmed Combat
 + Level 1.9 Spellcasting
 + Level 1.5 Conjurations
 + Level 1.5 Hexes
 + Level 1.5 Summonings
 + Level 1.5 Necromancy
 + Level 1.5 Translocations
 + Level 1.5 Transmutations
 + Level 1.5 Fire Magic
 + Level 1.5 Ice Magic
 + Level 1.5 Air Magic
 + Level 1.5 Earth Magic
 + Level 1.5 Poison Magic
 + Level 2.1 Invocations
 + Level 1.9 Evocations


You had 8 spell levels left.
You didn't know any spells.
Your spell library was empty.

Dungeon Overview and Level Annotations

Branches:
Dungeon (4/15)
 Temple: D:4-7

Altars:
Hepliaklqana
Trog
Uskayaw

Annotations:
D:4 Edmund


Innate Abilities, Weirdness & Mutations

Your experience applies equally to all skills.
You have very sharp teeth.
Your uncanny sense of smell can sniff out nearby items.
You have sharp toenails.
You are somewhat resistant to further mutation.
You do not regenerate when monsters are visible.


Message History

The adder bites you but does no damage.
You hit the adder. You bite the adder.
You kill the adder!
Edmund hits you but does no damage. The adder bites you.
* * * LOW HITPOINT WARNING * * *
You are lethally poisoned!
The adder poisons you!
Unknown command.
It was a potion of mutation.
You feel extremely strange.
You feel genetically stable.
Your regeneration stops near monsters.
Your toenails lengthen and sharpen.
* * * LOW HITPOINT WARNING * * *
You feel sick. The adder bites you.
* * * LOW HITPOINT WARNING * * *
You are more poisoned.
The adder poisons you!
Edmund hits you with a +3 dire flail of protection.
* * * LOW HITPOINT WARNING * * *
The adder bites you.
You die...

#.#..####.###...### ##
#.#...##.#.###.##.# ...#
#.#.....#.##.......
.....##.#.......#...#....
#.....................
####.#################
...#####.........
........S@..##### ..#
....#####@....... .....##
. ..#####..#...## #...
.........##...# #....
.....#.#.# #... #..#.
....... ... .## .....#.
.#####. ..## ... #.. #.
#.# .##...# #. .. #.....
.. ... #.#.##


You could see Edmund and an adder.

Vanquished Creatures
  A howler monkey (D:4)
  An orc priest (D:3)
  An orc wizard (D:3)
  A centaur skeleton (D:4)
  Robin (D:2)
  4 gnolls
  4 adders
  2 dart slugs
  2 worms
  4 leopard geckos
  7 orcs (D:3)
  4 bats
  2 giant cockroaches
  16 goblins
  4 hobgoblins
  3 jackals (D:2)
  3 quokkas
  A frilled lizard (D:3)
  5 kobolds
  10 rats
76 creatures vanquished.

Notes
Turn   | Place    | Note
-------+----------+-------------------------------------------
     0 | D:1      | Reached skill level 10 in Fighting
     0 | D:1      | Almogavar the Gnoll Wanderer began the quest for the Orb.
     0 | D:1      | Almogavar set off with the following items: a +2 falchion,
                  | a +0 quarterstaff, a potion of lignification, a +0 robe, a
                  | +0 dagger
     0 | D:1      | Reached XP level 1. HP: 28/28 MP: 1/1
   355 | D:1      | Reached XP level 2. HP: 36/36 MP: 2/2
  1304 | D:2      | Reached XP level 3. HP: 37/42 MP: 3/3
  1356 | D:2      | Noticed Robin
  1376 | D:2      | Killed Robin
  1377 | D:2      | Reached skill level 1 in Invocations
  1510 | D:2      | Reached skill level 1 in Short Blades
  1510 | D:2      | Reached skill level 1 in Axes
  1510 | D:2      | Reached skill level 1 in Maces & Flails
  1510 | D:2      | Reached skill level 1 in Polearms
  1510 | D:2      | Reached skill level 1 in Staves
  1510 | D:2      | Reached skill level 1 in Slings
  1510 | D:2      | Reached skill level 1 in Bows
  1510 | D:2      | Reached skill level 1 in Throwing
  1510 | D:2      | Reached skill level 1 in Armour
  1510 | D:2      | Reached skill level 1 in Shields
  1510 | D:2      | Reached skill level 1 in Unarmed Combat
  1510 | D:2      | Reached skill level 1 in Spellcasting
  1510 | D:2      | Reached skill level 1 in Evocations
  1642 | D:2      | Reached XP level 4. HP: 37/48 MP: 5/5
  2386 | D:3      | Found a hide-covered altar of Uskayaw.
  2393 | D:3      | Found a hazy altar of Hepliaklqana.
  2445 | D:2      | Reached skill level 1 in Conjurations
  2445 | D:2      | Reached skill level 1 in Hexes
  2445 | D:2      | Reached skill level 1 in Summonings
  2445 | D:2      | Reached skill level 1 in Necromancy
  2445 | D:2      | Reached skill level 1 in Translocations
  2445 | D:2      | Reached skill level 1 in Transmutations
  2445 | D:2      | Reached skill level 1 in Fire Magic
  2445 | D:2      | Reached skill level 1 in Ice Magic
  2445 | D:2      | Reached skill level 1 in Air Magic
  2445 | D:2      | Reached skill level 1 in Earth Magic
  2445 | D:2      | Reached skill level 1 in Poison Magic
  2980 | D:3      | Noticed a moth of wrath
  3002 | D:3      | Reached XP level 5. HP: 54/54 MP: 6/6
  3669 | D:3      | Found a bloodstained altar of Trog.
  4018 | D:4      | Reached XP level 6. HP: 38/61 MP: 4/8
  4182 | D:4      | Noticed Edmund
  4218 | D:4      | Gained mutation: You are somewhat resistant to further
                  | mutation. [potion of mutation]
  4218 | D:4      | Gained mutation: You do not regenerate when monsters are
                  | visible. [potion of mutation]
  4218 | D:4      | Gained mutation: You have sharp toenails. [potion of
                  | mutation]
  4218 | D:4      | HP: 2/61 [adder (2)]
  4218 | D:4      | Slain by an adder

Illustrated notes

Levels and vault maps discovered:
D:1:      tarquinn_simple_flora_water_f, layout_basic
D:2:      layout_loops_ring, uniq_robin
D:3:      layout_loops_ring, tgw_trog, grunt_temple_overflow_open,
          grunt_decor_fettered, fountainhead
D:4:      layout_rooms, minmay_temple_entry_fiery, minmay_misc_feat_rugged,
          uniq_menkaure, uniq_ijyb, uniq_edmund

Skill      XL: |  1  2  3  4  5 |
---------------+----------------+-----
Fighting       | | 10.5
Invocations    | 1 2 |  2.1
Short Blades   | 1 |  1.9
Axes           | 1 |  1.9
Maces & Flails | 1 |  1.9
Polearms       | 1 |  1.9
Staves         | 1 |  1.9
Slings         | 1 |  1.9
Bows           | 1 |  1.9
Throwing       | 1 |  1.9
Armour         | 1 |  1.9
Shields        | 1 |  1.9
Unarmed Combat | 1 |  1.9
Spellcasting   | 1 |  1.9
Evocations     | 1 |  1.9
Conjurations   | 1 |  1.5
Hexes          | 1 |  1.5
Summonings     | 1 |  1.5
Necromancy     | 1 |  1.5
Translocations | 1 |  1.5
Transmutations | 1 |  1.5
Fire Magic     | 1 |  1.5
Ice Magic      | 1 |  1.5
Air Magic      | 1 |  1.5
Earth Magic    | 1 |  1.5
Poison Magic   | 1 |  1.5
Long Blades    | 3 |  3.2
Crossbows      | 3 |  3.2
Dodging        | 3 |  3.2
Stealth        | |  4.6

Action                   |  1- 3 |  4- 6 || total
-------------------------+-------+-------++-------
Melee: Falchion          |    64 |   159 ||   223
       Bite              |     8 |    18 ||    26
       Punch             |       |     1 ||     1
  Use: Scroll            |     4 |     4 ||     8
       Potion            |       |     4 ||     4
 Stab: Sleeping          |     7 |     8 ||    15
Armor: Ring mail         |    20 |    53 ||    73
       Skin              |       |    60 ||    60
Dodge: Dodged            |    37 |   110 ||   147
       Rpst.: Falchion   |    11 |    25 ||    36
